 Dungeon Crawl Stone Soup version 0.22-b1-26-g9dbaab1 (webtiles) character file.

12887 Doobh the Covert (level 12, -2/74 HPs)
             Began as a Kobold Assassin on Aug 9, 2018.
             Was an Elder of Dithmenos.
             Slain by a reaper
             ... wielding a +0 scythe of freezing
              (18 damage)
             ... in an ice cave.
             The game lasted 01:01:45 (14662 turns).

Doobh the Covert (Kobold Assassin)                 Turns: 14662, Time: 01:01:45

Health: -2/74      AC: 11    Str: 12    XL:     12   Next: 25%
Magic:  14/14      EV: 22    Int: 13    God:    Dithmenos [****..]
Gold:   875        SH:  0    Dex: 20    Spells: 12/14 levels left

rFire    . . .     SeeInvis .   w - +1 short sword (protect)
rCold    . . .     Gourm    .   (shield restricted)
rNeg     . . .     Faith    .   C - +0 steam dragon scales
rPois    .         Spirit   .   a - +0 helmet
rElec    .         Reflect  .   d - +0 cloak
rCorr    .         Harm     .   o - +2 pair of gloves
MR       .....                  D - +0 pair of boots
Stlth    +++++++++.             (no amulet)
HPRegen  0.22/turn              J - ring of flight
MPRegen  0.14/turn              K - +3 ring of strength

@: wreathed by umbra
A: small, carnivore
a: Shadow Step, Renounce Religion, Evoke Flight


You were in an ice cave.
You worshipped Dithmenos.
Dithmenos was greatly pleased with you.
You were very full.

You visited 3 branches of the dungeon, and saw 14 of its levels.
You also visited: Ossuary and Ice Cave.

You collected 875 gold pieces.

Inventory:

Hand Weapons
 b - a +0 blowgun
 k - a +4 dagger of venom
 w - a +1 short sword of protection (weapon)
Missiles
 e - 32 poisoned needles
 j - 554 stones (quivered)
 s - 5 curare-tipped needles
Armour
 a - a +0 helmet (worn)
 d - a +0 cloak (worn)
 o - a +2 pair of gloves (worn)
 C - +0 steam dragon scales (worn)
 D - a +0 pair of boots (worn)
Jewellery
 f - an uncursed ring of wizardry
 E - an uncursed amulet of magic regeneration
 J - a ring of flight (left hand)
 K - a +3 ring of strength (right hand)
 N - an uncursed ring of wizardry
 S - a +3 ring of strength
Wands
 L - a wand of iceblast (7)
 P - a wand of scattershot (4)
 Q - a wand of clouds (8)
 R - a wand of polymorph (11)
Scrolls
 c - a scroll of summoning
 n - 2 scrolls of fear
 u - 5 scrolls of teleportation
 x - 4 scrolls of remove curse
 y - a scroll of enchant armour {unknown}
 B - 2 scrolls of amnesia
 H - 2 scrolls of blinking
 I - a scroll of noise {unknown}
Potions
 i - 3 potions of haste {unknown}
 l - 3 potions of berserk rage {unknown}
 p - 4 potions of brilliance
 q - a potion of might {unknown}
 r - 4 potions of ambrosia {unknown}
 t - 2 potions of mutation {unknown}
 v - a potion of magic {unknown}
 z - a potion of lignification {unknown}
 A - 2 potions of agility {unknown}
 F - a potion of cancellation {unknown}
 M - a potion of degeneration {unknown}
Comestibles
 g - 11 rations


   Skills:
 + Level 8.2 Fighting
 * Level 12.8 Short Blades
 + Level 8.2 Throwing
 + Level 9.0 Dodging
 - Level 14.0 Stealth
 + Level 1.7 Spellcasting
 + Level 1.8 Translocations


You had 12 spell levels left.
You knew the following spells:

 Your Spells              Type           Power        Failure   Level  Hunger
a - Blink                 Tloc           N/A          19%         2    ###....

Your spell library contained the following spells:

 Spells                   Type           Power        Failure   Level  Hunger
 Magic Dart               Conj           #...         26%         1    ##.....
 Conjure Flame            Conj/Fire      #.......     61%         3    ####...
 Slow                     Hex            #.......     36%         2    ###....
 Freezing Cloud           Conj/Ice/Air   #.........   100%        6    #######
 Mephitic Cloud           Conj/Pois/Air  #.......     61%         3    ####...
 Ring of Flames           Chrm/Fire      #.........   100%        7    #######
 Call Imp                 Summ           #.......     36%         2    ###....
 Poisonous Vapours        Pois/Air       #.....       36%         2    ###....


Dungeon Overview and Level Annotations

Branches:
Dungeon (12/15)            Temple (1/1) D:7            Lair (0/6) D:10
    Orc (1/2) D:9

Altars:
Ashenzari
Cheibriados
Dithmenos
Elyvilon
Fedhas
Gozag
Hepliaklqana
Kikubaaqudgha
Makhleb
Nemelex Xobeh
Okawaru
Qazlal
Ru
Sif Muna
Trog
Uskayaw
Vehumet
Wu Jian
Xom
Yredelemnul
Zin
The Shining One

Shops:
D:5 !   D:7 ?

Annotations:
D:9 3 runed doors, Doobh's ghost, journeyman KoAs; FallenXxXSky's ghost, journeyman HOFi IceCv exclusion: 2 ice statues


Innate Abilities, Weirdness & Mutations

You are small and have problems with some larger weapons.
You are carnivorous and can eat meat at any time.


Message History

As you read the scroll of blinking, it crumbles to dust.
A white imp comes into view. 2 ice devils come into view.
As you read the scroll of identify, it crumbles to dust.
p - 4 potions of brilliance
As you read the scroll of teleportation, it crumbles to dust.
You feel strangely unstable. The ice devil hits you. The ice devil freezes you!
* * * LOW HITPOINT WARNING * * *
Your surroundings suddenly seem different.
An ufetubus comes into view.
The ufetubus moves out of view.
Found a glowing mace, 31 gold pieces and 17 arrows.
A reaper comes into view. It is wielding a scythe of freezing.
An ice devil comes into view.
An ice devil is nearby!
Your magical contamination has completely faded away.
A white imp and an ufetubus come into view.
The reaper hits you from afar with a scythe of freezing!!
You die...

##..## #§§§# #...#
.§§§ ...## ##§§§
#..# #§§§§ ###
...# ##4§##§ #.##
..## #§4§.#§ ##..#
..# #..#.##§#..###
..#
##4##..#§#..#.#
..#
#..#...4§...@5#.(#
..#
#.......4.....2.)#
.##
#...#...####..#.$#
.## #...#≈....
...# ##
..###...#.4§..
5.## 4.##.§§§###
.#.5.# .)##.§§.§.#
#..## )##..#§§§§§#
#.. ##..###§§§4.§


You could see a reaper, 2 ice devils, a white imp (wandering) and 2 ufetubi.

Vanquished Creatures
  A two-headed ogre (Orc:1)
  2 ugly things (D:11)
  A gargoyle (D:11)
  An ice devil (IceCv)
  2 komodo dragons (D:10)
  2 trolls
  A hornet (D:11)
  A hippogriff (D:11)
  Grum (D:10)
  4 wyverns
  7 yaks
  A basilisk (D:10)
  2 hungry ghosts
  3 steam dragons
  A warg (Orc:1)
  2 water moccasins
  Duvessa (D:6)
  2 orc warriors
  3 eyes of draining
  5 sky beasts
  12 ice beasts
  A black bear (D:7)
  A necrophage (D:10)
  8 ogres
  3 wolves (D:10)
  7 centaurs
  A crocodile (D:10)
  2 big kobolds
  6 bullfrogs
  A gnoll sergeant (D:9)
  A water moccasin zombie (D:10)
  A scorpion (D:10)
  Dowan (D:6)
  3 killer bees (D:10)
  3 crimson imps
  A quasit (D:12)
  3 bullfrog zombies
  2 centaur zombies (Ossuary)
  7 hounds
  4 jellies
  A centaur skeleton (D:8)
  7 orc priests
  5 iguanas
  Jessica (D:2)
  9 worker ants
  Natasha (thrice) (D:2)
  7 orc wizards
  2 big kobold zombies (Ossuary)
  2 hound skeletons
  2 mummies (Ossuary)
  4 worker ant zombies
  Robin (D:2)
  2 howler monkey skeletons
  11 gnolls
  14 adders
  A shadow imp (D:9)
  3 white imps (IceCv)
  7 ufetubi (IceCv)
  An ooze (D:4)
  An adder zombie (D:5)
  2 worms
  7 leopard geckos
  43 orcs
  A ball python (D:4)
  3 giant cockroaches
  A gnoll zombie (Ossuary)
  9 goblins
  15 hobgoblins
  11 jackals
  8 quokkas
  11 bats
  7 frilled lizards
  5 goblin zombies (Ossuary)
  3 hobgoblin zombies (Ossuary)
  21 kobolds
  An orc zombie (Ossuary)
  A quokka skeleton (D:7)
  7 rats
351 creatures vanquished.

Vanquished Creatures (others)
  2 white imps (IceCv)
  2 ufetubi (IceCv)
  3 withered plants (D:9)
7 creatures vanquished.

Grand Total: 358 creatures vanquished

Notes
Turn   | Place    | Note
-------+----------+-------------------------------------------
     0 | D:1      | Doobh the Kobold Assassin began the quest for the Orb.
     0 | D:1      | Reached XP level 1. HP: 12/12 MP: 1/1
   192 | D:1      | Reached XP level 2. HP: 18/18 MP: 2/2
   722 | D:2      | Reached XP level 3. HP: 22/22 MP: 3/3
   841 | D:2      | Reached skill level 6 in Stealth
  1094 | D:2      | Noticed Robin
  1171 | D:2      | Killed Robin
  1171 | D:2      | Reached XP level 4. HP: 24/27 MP: 4/4
  1226 | D:2      | Found an opulent altar of Gozag.
  1226 | D:2      | Noticed Natasha
  1307 | D:2      | Killed Natasha
  1367 | D:2      | Reached XP level 5. HP: 20/32 MP: 5/5
  1387 | D:2      | Noticed Natasha
  1686 | D:2      | Killed Natasha
  1735 | D:2      | Noticed Jessica
  1747 | D:2      | Killed Jessica
  1937 | D:2      | Noticed Natasha
  2062 | D:2      | Killed Natasha
  2187 | D:3      | Reached XP level 6. HP: 27/37 MP: 6/6
  3455 | D:3      | Reached skill level 7 in Stealth
  3467 | D:3      | Reached XP level 7. HP: 24/41 MP: 7/7
  3774 | D:4      | Found a stormy altar of Qazlal.
  4486 | D:5      | Entered Level 5 of the Dungeon
  4501 | D:5      | Reached skill level 5 in Short Blades
  4501 | D:5      | Reached skill level 8 in Stealth
  4556 | D:5      | Found Bevakum's Distillery.
  4809 | D:5      | Reached skill level 9 in Stealth
  4809 | D:5      | Reached XP level 8. HP: 31/47 MP: 8/8
  5281 | D:5      | Found a blossoming altar of Fedhas.
  5353 | D:5      | Reached skill level 10 in Stealth
  5815 | D:5      | You fall through a shaft for 2 floors!
  5818 | D:7      | Found a staircase to the Ecumenical Temple.
  5828 | Temple   | Entered the Ecumenical Temple
  5928 | Temple   | Became a worshipper of Dithmenos the Shadowed
  6072 | D:7      | Reached skill level 11 in Stealth
  6120 | D:7      | Reached XP level 9. HP: 52/52 MP: 9/9
  6175 | D:7      | Found Waufoebb's Magic Scroll Emporium.
  6208 | D:7      | Found a sacrificial altar of Ru.
  6308 | D:7      | Reached skill level 5 in Dodging
  6451 | D:7      | Found a shattered altar of Ashenzari.
  6790 | D:7      | Reached skill level 12 in Stealth
  6906 | D:6      | Found a sand-covered staircase.
  6915 | Ossuary  | Entered an ossuary
  7000 | Ossuary  | Reached * piety under Dithmenos
  7032 | Ossuary  | Reached skill level 5 in Throwing
  7441 | D:6      | Noticed Dowan
  7442 | D:6      | Noticed Duvessa
  7478 | D:6      | Killed Dowan
  7487 | D:6      | Reached skill level 5 in Fighting
  7788 | D:6      | Found a hide-covered altar of Uskayaw.
  7888 | D:6      | Killed Duvessa
  8112 | D:6      | Reached XP level 10. HP: 59/59 MP: 10/10
  8745 | D:8      | Reached ** piety under Dithmenos
  9230 | D:9      | Found a runed gate.
  9230 | D:9      | Found a runed gate.
  9230 | D:9      | Found a runed gate.
  9406 | D:9      | Noticed Doobh's ghost (journeyman KoAs)
  9408 | D:9      | Noticed FallenXxXSky's ghost (journeyman HOFi)
  9425 | D:9      | Found a staircase to the Orcish Mines.
 10044 | D:9      | Found a burning altar of Makhleb.
 10044 | D:9      | Found a faded altar of an unknown god.
 10049 | D:9      | Found a glowing silver altar of Zin.
 10051 | D:9      | Found a shattered altar of Ashenzari.
 10052 | D:9      | Found an iron altar of Okawaru.
 10165 | D:10     | Entered Level 10 of the Dungeon
 10214 | D:9      | Reached *** piety under Dithmenos
 10373 | D:10     | Noticed Grum
 10378 | D:10     | Reached skill level 10 in Short Blades
 10395 | D:10     | Reached skill level 13 in Stealth
 10683 | D:10     | Killed Grum
 10806 | D:10     | Reached XP level 11. HP: 66/66 MP: 11/11
 11987 | D:10     | Found a staircase to the Lair.
 12197 | D:10     | Reached **** piety under Dithmenos
 12645 | D:11     | Noticed a cyan ugly thing
 12725 | D:11     | Killed a cyan ugly thing
 12865 | D:11     | Found a bloodstained altar of Trog.
 13325 | D:11     | Learned a level 2 spell: Blink
 13329 | D:11     | Noticed a green ugly thing
 13333 | D:11     | Killed a green ugly thing
 13667 | D:11     | Reached skill level 14 in Stealth
 13876 | D:12     | Reached XP level 12. HP: 51/73 MP: 12/12
 14066 | Orc:1    | Entered Level 1 of the Orcish Mines
 14116 | Orc:1    | Noticed a two-headed ogre
 14139 | Orc:1    | Killed a two-headed ogre
 14139 | Orc:1    | Reached skill level 1 in Spellcasting
 14139 | Orc:1    | Reached skill level 1 in Translocations
 14202 | Orc:1    | Found a frozen archway.
 14223 | IceCv    | Entered an ice cave
 14646 | IceCv    | Noticed a reaper
 14662 | IceCv    | Slain by a reaper

Skill      XL: |  1  2  3  4  5  6  7  8  9 10 11 12 |
---------------+-------------------------------------+-----
Short Blades   | 3 4 5 6 8 10 12 | 12.8
Stealth        | 6 7 9 11 12 13 14 | 14.0
Throwing       | 3 4 5 6 8 |  8.2
Dodging        | 2 3 4 6 7 8 9 |  9.0
Fighting       | 3 4 5 6 7 8 |  8.2
Spellcasting   | 1 |  1.7
Translocations | 1 |  1.8

Action                   |  1- 3 |  4- 6 |  7- 9 | 10-12 || total
-------------------------+-------+-------+-------+-------++-------
Melee: Dagger            |    80 |   149 |   304 |   830 ||  1363
       Short sword       |       |       |   135 |   139 ||   274
 Fire: Blowgun           |    10 |    14 |     3 |     7 ||    34
Throw: Stone             |    39 |    11 |    17 |    13 ||    80
  Use: Scroll            |     6 |     1 |     6 |    13 ||    26
       Potion            |       |       |       |     6 ||     6
 Stab: Sleeping          |     4 |    12 |    37 |    58 ||   111
       Distracted        |       |       |     1 |     2 ||     3
  Eat: Chunk             |     9 |     7 |    15 |    24 ||    55
Armor: Robe              |    15 |    21 |    19 |       ||    55
       Steam dragon scal |       |       |    41 |    78 ||   119
Dodge: Dodged            |    55 |    80 |   227 |   499 ||   861
